Map: King's Cove LE

Players

Serral - Winner!

  • Race: Zerg Zerg
  • Spawn Location: 5:00

gumiho

  • Race: Terran Terran
  • Spawn Location: 11:00

Event: IEM Season 13: Katowice (2019)

VOD

Have the link to the VOD?

Description

Time

  • Played on: March 1, 2019, 7:47 a.m.
  • Length: 3:59

All games in this series

Show
View Real Time Build Order
Export as new Build Order

Serral Zerg - Winner!

Build Orders: Pool Only, Ravager All-In 

Get SALT Encoding   

  12  0:18  Spawning Pool  
  11  0:22  Drone  
  11  0:27  Drone  
  13  0:31  Drone  
  14  0:37  Extractor  
  14  0:38  Drone  
  14  0:46  Extractor, Drone  
  14  1:04  Roach Warren  
  14  1:05  Zergling x2  
  14  1:13  Overlord  
  14  1:25  Overlord  
  14  1:45  Roach x2  
  18  1:50  Roach  
  20  2:01  Roach  
  22  2:07  Ravager  
  23  2:09  Ravager  
  24  2:19  Roach  
  26  2:24  Ravager  
  27  2:34  Roach  
  28  2:49  Overlord  
  28  2:54  Ravager  
  29  3:10  Roach  
  31  3:16  Roach  
  30  3:22  Ravager  
  31  3:33  Roach  
Show
View Real Time Build Order
Export as new Build Order

gumiho Terran 

Build Orders: 2 Factory, Command Center First (CC) 

Get SALT Encoding   

  12  0:00  SCV  
  13  0:12  SCV  
  14  0:18  Supply Depot  
  14  0:25  SCV  
  15  0:40  SCV  
  16  0:52  SCV  
  17  1:00  Command Center  
  17  1:04  SCV  
  18  1:13  Barracks  
  18  1:17  SCV  
  19  1:23  Refinery  
  19  1:29  SCV  
  19  1:31  Refinery  
  20  1:41  SCV  
  21  1:53  SCV  
  22  2:02  Reaper  
  22  2:06  Orbital Command  
  23  2:12  Orbital Command  
  23  2:20  Factory  
  23  2:32  SCV  
  23  2:37  Barracks Reactor  
  24  2:40  SCV  
  25  2:46  SCV  
  25  2:49  Factory  
  26  2:52  SCV  
  28  2:58  SCV  
  28  3:04  SCV  
  25  3:13  Marine  
  25  3:15  Marine  
  22  3:23  Bunker  
  21  3:28  Hellion  
  21  3:31  Marine  
  21  3:33  Marine  
  22  3:38  SCV  
  22  3:39  SCV  

Tags
 
Add a new tag
Caveats
  • Supply blocks, unpowered buildings, or Contaminate may cause inaccurate times.
  • Supply counts are checked every 10 seconds.